 Dungeon Crawl Stone Soup version 0.32-a0-20-ge526923d97 (webtiles) character file.

Game seed: 1651016034514356783

879 Newt the Skirmisher (level 8, -4/56 HPs)
             Began as a Kobold Hunter on Jan 17, 2024.
             Slain by Prince Ribbit (16 damage)
             ... on level 5 of the Dungeon.
             The game lasted 00:04:12 (3843 turns).

Newt the Skirmisher (Kobold Hunter)                 Turns: 3843, Time: 00:04:12

Health: -4/56      AC:  4    Str:  7 (8)  XL:     8   Next: 25%
Magic:  8/8        EV: 20    Int:  9 (10) God:
Gold:   285        SH:  0    Dex: 21      Spells: 7/7 levels left

rFire   . . .        e - +2 sling
rCold   . . .        (no shield)
rNeg    . . .        i - +0 leather armour {rPois}
rPois   +            (no helmet)
rElec   .            (no cloak)
rCorr   .            (no gloves)
SInv    +            h - +0 pair of boots
Will    .....        (no amulet)
Stlth   +++          f - ring of see invisible
HPRegen 0.29/turn    (no ring)
MPRegen 0.11/turn

%: no passive effects
@: no status effects
A: small, no large weapons, nightstalker 3, talons 1, deterioration 1
a: no special abilities


You were on level 5 of the Dungeon.
You visited 1 branch of the dungeon, and saw 5 of its levels.

You collected 285 gold pieces.

Inventory:

Hand Weapons
 a - a +1 shortbow of chaos
 e - a +2 sling (weapon)
Armour
 c - a +0 leather armour
 h - a +0 pair of boots (worn)
 i - a +0 leather armour of poison resistance (worn)
Jewellery
 f - a ring of see invisible (left hand)
Potions
 g - 2 potions of attraction
 j - a potion of might {unknown}
 l - a potion of ambrosia {unknown}
 p - a potion of resistance {unknown}


   Skills:
 - Level 9.2 Fighting
 - Level 10.4 Ranged Weapons
 + Level 3.7 Armour
 - Level 9.3 Dodging
 - Level 1.3 Stealth


You had 7 spell levels left.
You didn't know any spells.
Your spell library contained the following spells:

 Spells                   Type           Power      Damage    Failure   Level
 Apportation              Tloc           0%         N/A       52%         1
 Jinxbite                 Hex            0%         N/A       65%         2
 Alistair's Intoxication  Alch           0%         N/A       100%        5


Dungeon Overview and Level Annotations

Branches:
Dungeon (5/15)
 Temple: D:4-7

Altars:
Ashenzari
Gozag

Annotations:
D:3 1 runed translucent door, Crazy Yiuf
D:5 Menkaure, Prince Ribbit


Innate Abilities, Weirdness & Mutations

You are small and have problems with some larger weapons.
You are completely attuned to the shadows.
You have sharp toenails.
Your body sometimes deteriorates upon taking damage.


Message History

Prince Ribbit is moderately wounded.
Prince Ribbit blinks!
Menkaure misses you.
You shoot a sling bullet. The sling bullet hits Menkaure.
Menkaure is heavily damaged.
Menkaure hits you! Prince Ribbit misses you.
An orc wizard comes into view. It is wielding a +0 dagger.
You shoot a sling bullet.
The sling bullet closely misses Menkaure.
Prince Ribbit closely misses you.
Menkaure mumbles some strange words.
Menkaure seems to speed up.
You hear a shout!
You shoot a sling bullet. The sling bullet hits Menkaure.
Menkaure is severely damaged.
You hear a shout!
Prince Ribbit misses you.
Menkaure calls on the powers of darkness!
Your body is wracked with pain!
Your body deteriorates!
You feel dopey.
Prince Ribbit convulses!
The orc wizard convulses!
As you read the scroll of butterflies, it crumbles to dust.
You hear the flapping of tiny wings.
The orc wizard is knocked back by the sudden gust.
Menkaure is knocked back by the sudden gust.
Prince Ribbit is knocked back by the sudden gust.
Prince Ribbit completely misses your butterfly.
Unknown command.
You swap places.
Prince Ribbit hits your butterfly!
Your butterfly dies!
Your butterfly disappears in a burst of colours!
Menkaure gestures at you while chanting.
Your butterfly barely resists.
Something hits your butterfly.
Your butterfly dies!
Your butterfly disappears in a burst of colours!
Menkaure calls on the powers of darkness!
Your body is wracked with pain!
* * * LOW HITPOINT WARNING * * *
You swap places.
Prince Ribbit hits you!
You die...

#...########
# #.#
#..........#
###.#
#...######.#
..#.# ##.##
#.#
#.#.####.####
#.#
.............
#.#
###.#########
#.# ###.# #F#
.##.# #@#
....# #b#
.#### #b# ##
#b# # #b#


.Mb .o. You could see Prince Ribbit (ally target).

Vanquished Creatures
  The ghost of BigPumpCobain the Ruffian, an amateur TrSh (D:4)
  Pargi (D:4)
  A black bear (D:4)
  2 hounds
  An orc priest (D:4)
  A jelly (D:4)
  An iguana (D:4)
  Natasha (twice) (D:4)
  A sleepcap (D:4)
  An orc wizard (D:3)
  6 adders
  5 ribbon worms
  4 dart slugs
  10 orcs
  5 endoplasms
  4 giant cockroaches
  5 goblins
  10 hobgoblins
  2 jackals (D:3)
  5 kobolds
  4 quokkas
  4 ball pythons
  3 bats
  3 frilled lizards (D:1)
  6 rats
88 creatures vanquished.

Notes
Turn   | Place    | Note
-------+----------+-------------------------------------------
     0 | D:1      | Newt the Kobold Hunter began the quest for the Orb.
     0 | D:1      | Reached XP level 1. HP: 12/12 MP: 1/1
    61 | D:1      | Reached XP level 2. HP: 14/18 MP: 2/2
   461 | D:1      | Reached XP level 3. HP: 23/23 MP: 3/3
  1725 | D:3      | Reached XP level 4. HP: 30/30 MP: 4/4
  1962 | D:3      | Reached skill level 5 in Fighting
  2150 | D:3      | Reached XP level 5. HP: 35/35 MP: 5/5
  2356 | D:3      | Found a broken altar of Ashenzari.
  2605 | D:3      | Found a runed translucent door.
  2608 | D:3      | Noticed Crazy Yiuf
  2782 | D:4      | Noticed Pargi
  2790 | D:4      | Gained mutation: You have sharp toenails. [potion of
                  | mutation]
  2790 | D:4      | Gained mutation: Your body sometimes deteriorates upon
                  | taking damage. [potion of mutation]
  2801 | D:4      | Reached skill level 10 in Ranged Weapons
  2801 | D:4      | Reached XP level 6. HP: 8/46 MP: 6/6
  2813 | D:4      | Killed Pargi
  2814 | D:4      | Reached skill level 1 in Armour
  2814 | D:4      | Reached XP level 7. HP: 15/51 MP: 7/7
  2970 | D:4      | Noticed Natasha
  2977 | D:4      | Killed Natasha
  3385 | D:4      | Found a runed translucent gate.
  3386 | D:4      | Found a runed translucent gate.
  3388 | D:4      | Found an opulent altar of Gozag.
  3406 | D:4      | Noticed Natasha
  3412 | D:4      | Killed Natasha
  3431 | D:4      | Found a runed translucent gate.
  3626 | D:4      | Noticed BigPumpCobain's ghost (amateur TrSh)
  3644 | D:4      | Killed BigPumpCobain's ghost
  3645 | D:4      | Reached XP level 8. HP: 30/56 MP: 8/8
  3769 | D:5      | Entered Level 5 of the Dungeon
  3831 | D:5      | Noticed Menkaure
  3833 | D:5      | Noticed Prince Ribbit
  3843 | D:5      | Slain by Prince Ribbit

Illustrated notes

Levels and vault maps discovered:
D:1:      ncdulo_smallfort, layout_basic, amethyst_killhole,
          chequers_serial_rivers_marsh
D:2:      layout_basic
D:3:      layout_loops_ring, ashenzari_conservatory_becter,
          uniq_crazy_yiuf_cottage
D:4:      layout_rooms, ebering_ghost_gozag, uniq_natasha, uniq_pargi
D:5:      lemuel_ratsnest, layout_loops_ring, xom_redecorated,
          uniq_prince_ribbit1, uniq_ijyb, uniq_duvessa, uniq_menkaure

Skill      XL: |  1  2  3  4  5  6  7 |
---------------+----------------------+-----
Fighting       | 3 4 5 9 |  9.2
Dodging        | 3 9 |  9.3
Ranged Weapons | 10 | 10.4
Armour         | 1 3 |  3.7
Stealth        | |  1.3

Action                     |  1- 3 |  4- 6 |  7- 9 || total
---------------------------+-------+-------+-------++-------
  Melee: Shortbow          |       |     4 |       ||     4
   Fire: Shortbow          |   113 |    82 |       ||   195
         Sling             |       |    24 |    99 ||   123
    Use: Scroll            |     4 |     2 |     3 ||     9
         Potion            |       |     7 |       ||     7
 Armour: Leather armour    |    17 |    67 |    20 ||   104
  Dodge: Dodged            |    37 |    85 |    57 ||   179

Table legend: (Time is in decaauts)
 A = Elapsed time spent in this place.
 B = Non-inter-level travel time spent in this place.
 C = Inter-level travel time spent in this place.
 D = Time resting spent in this place.
 E = Time spent auto-exploring this place.
 F = Levels seen in this place.
 G = Mean time per level.
                   A        B        C        D        E       F      G
               +--------+--------+--------+--------+--------+-----+--------+
         Total |   3884 |   3746 |    138 |    200 |   2949 |   5 |  776.8 |
       Dungeon |   3884 |   3746 |    138 |    200 |   2949 |   5 |  776.8 |
               +--------+--------+--------+--------+--------+-----+--------+

Top non-repeatable levels by time:
     D:3: 1124 daAuts
     D:2: 1011 daAuts
     D:4: 997 daAuts
     D:1: 678 daAuts
     D:5: 72 daAuts
